 Dungeon Crawl Stone Soup version 0.27.1-3-gb3d3a73c9e (webtiles) character file.

Game seed: 4749783190627726876

2095 Eitelfritz the Gusty (level 9, -5/49 HPs)
             Began as a Tengu Air Elementalist on Oct 29, 2021.
             Was an Initiate of Vehumet.
             Shot with an arrow by a centaur (7 damage)
             ... on level 7 of the Dungeon.
             The game lasted 00:19:37 (8349 turns).

Eitelfritz the Gusty (Tengu Air Elementalist)       Turns: 8349, Time: 00:19:37

Health: -5/49      AC:  5    Str: 10    XL:     9   Next: 27%
Magic:  17/17      EV: 20    Int: 22    God:    Vehumet [......]
Gold:   355        SH:  0    Dex: 16    Spells: 3/17 levels left

rFire    . . .     SeeInvis .   a - +2 falchion (drain)
rCold    . . .     Faith    .   (no shield)
rNeg     . . .     Spirit   .   l - +0 leather armour
rPois    .         Reflect  .   q - +2 hat {Will+}
rElec    .         Harm     .   (no cloak)
rCorr    .         Rampage  .   (no gloves)
Will     +....                  (boots unavailable)
Stlth    +++.......             (no amulet)
HPRegen  0.16/turn              e - +4 ring of evasion
MPRegen  0.15/turn              r - +6 ring of intelligence

@: flying quickly and evasively, quick
A: beak, talons 3, nimble flight
a: Renounce Religion


You were on level 7 of the Dungeon.
You worshipped Vehumet.
Vehumet was noncommittal.
You visited 2 branches of the dungeon, and saw 8 of its levels.

You collected 355 gold pieces.

Inventory:

Hand Weapons
 a - a +2 falchion of draining (weapon)
Missiles
 u - 7 poisoned darts
Armour
 l - a +0 leather armour (worn)
 q - a +2 hat of willpower (worn)
Jewellery
 e - a +4 ring of evasion (left hand)
 o - a ring of protection from cold
 r - a +6 ring of intelligence (right hand)
 t - a +4 ring of evasion
Scrolls
 c - 3 scrolls of teleportation
Potions
 d - a potion of lignification
 f - 2 potions of curing
 g - 2 potions of attraction
 h - a potion of mutation
 i - a potion of haste
 j - a potion of ambrosia {unknown}
 m - a potion of cancellation {unknown}
 n - 2 potions of degeneration {unknown}
 p - 3 potions of heal wounds
 s - a potion of brilliance {unknown}


   Skills:
 + Level 2.8 Fighting
 + Level 5.4 Long Blades
 + Level 3.2 Armour
 + Level 4.3 Dodging
 + Level 4.6 Stealth
 + Level 4.7 Spellcasting
 + Level 5.7 Conjurations
 + Level 0.6 Ice Magic
 + Level 7.6 Air Magic


You had 3 spell levels left.
You knew the following spells:

 Your Spells              Type           Power      Damage    Failure   Level
a - Shock                 Conj/Air       100%       1d9       1%          1
b - Static Discharge      Conj/Air       34%        N/A       1%          2
c - Swiftness             Air            38%        N/A       1%          3
d - Airstrike             Air            19%        N/A       6%          4
e - Ensorcelled Hibernat  Hex/Ice        12%        N/A       19%         2
f - Slow                  Hex            5%         N/A       21%         2

Your spell library contained the following spells:

 Spells                   Type           Power      Damage    Failure   Level
 Foxfire                  Conj/Fire      68%        2x1d7     4%          1
 Corona                   Hex            5%         N/A       14%         1
 Confusing Touch          Hex            5%         N/A       38%         3
 Tukima's Dance           Hex            5%         N/A       38%         3
 Vampiric Draining        Necr           2%         2d6       38%         3


Dungeon Overview and Level Annotations

Branches:
Dungeon (7/15)             Temple (1/1) D:4

Altars:
Ashenzari
Cheibriados
Dithmenos
Elyvilon
Fedhas
Hepliaklqana
Kikubaaqudgha
Makhleb
Nemelex Xobeh
Okawaru
Ru
Sif Muna
Trog
Uskayaw
Vehumet
Wu Jian
Xom
Yredelemnul
Zin
The Shining One

Annotations:
D:5 2 runed translucent doors


Innate Abilities, Weirdness & Mutations

You have a beak for a mouth.
You have claws for feet.
Your magical nature lets you fly swiftly and evasively.


Message History

You can no longer gain magical power from killing.
You see here a +1 dagger of chaos.
Done exploring.
Done exploring.
Memorise Slow, consuming 2 spell levels and leaving 3?
You start memorising the spell.
You continue memorising. x2
You finish memorising.
Spell assigned to 'f'.
Done exploring.
There is a stone staircase leading down here.
Okay, then.
Okay, then.
As you read the scroll of identify, it crumbles to dust.
p - 3 potions of heal wounds
As you read the scroll labelled ZURPHYTH XIDIE, it crumbles to dust.
It is a scroll of enchant weapon.
Your +0 falchion of draining glows red for a moment.
As you read the scroll of enchant weapon, it crumbles to dust.
Your +1 falchion of draining glows red for a moment.
As you read the scroll labelled HUR YCERIN, it crumbles to dust.
You hear a loud clanging noise!
It was a scroll of noise.
Blink to where?
Press: ? - help, Dir - move target, f - you Are you sure you want to cancel this blink?
Okay, then.
As you read the scroll labelled FYUTAI QUENULIG, it crumbles to dust.
It was a scroll of blinking.
You fly downwards.
There is a stone staircase leading up here.
The centaur shouts!
The centaur wields a +0 shortbow.
The centaur shoots an arrow.
The arrow hits you!
The centaur shoots an arrow.
The arrow hits you!
The centaur shoots an arrow.
The arrow hits you!
* * * LOW HITPOINT WARNING * * *
The centaur shoots an arrow.
The arrow hits you!
* * * LOW HITPOINT WARNING * * *
The centaur shoots an arrow.
The arrow completely misses you.
The centaur shoots an arrow.
The arrow hits you!
You die...

####+#
#....#
#...c#
#....#
#..@.#
#....#
#....#
#....+
#####....#
#.....<..#
#........#
#........+
#........#


You could see a centaur.

Vanquished Creatures
  Sigmund (D:5)
  Menkaure (D:4)
  A sky beast (D:6)
  2 necrophages
  An orc warrior (D:5)
  2 black bears
  A centaur (D:6)
  An ogre (D:4)
  A gnoll sergeant (D:5)
  A scorpion (D:6)
  A water moccasin zombie (D:5)
  A water moccasin skeleton (D:5)
  A killer bee (D:5)
  A howler monkey (D:6)
  2 bullfrog zombies (D:6)
  A centaur skeleton (D:5)
  4 crimson imps (D:6)
  A gnoll shaman (D:5)
  2 jellies
  2 bullfrog skeletons (D:5)
  4 hounds
  An orc priest (D:4)
  2 iguanas
  An orc wizard (D:4)
  9 gnolls
  3 adders
  A white imp (D:5)
  An ufetubus (D:5)
  2 dart slugs
  10 orcs
  7 bats
  5 endoplasms
  5 giant cockroaches
  7 goblins
  5 hobgoblins
  7 jackals
  A quokka (D:1)
  9 ball pythons
  3 frilled lizards
  7 kobolds
  3 rats
121 creatures vanquished.

Vanquished Creatures (others)
  A fungus (D:1)
1 creature vanquished.

Grand Total: 122 creatures vanquished

Notes
Turn   | Place    | Note
-------+----------+-------------------------------------------
     0 | D:1      | Eitelfritz the Tengu Air Elementalist began the quest for
                  | the Orb.
     0 | D:1      | Reached XP level 1. HP: 10/10 MP: 4/4
    18 | D:1      | Found a faded altar of an unknown god.
   204 | D:1      | Reached XP level 2. HP: 15/15 MP: 3/6
   566 | D:1      | Reached skill level 5 in Air Magic
   651 | D:1      | Reached XP level 3. HP: 19/19 MP: 5/7
  1281 | D:1      | Learned a level 2 spell: Static Discharge
  1285 | D:1      | Learned a level 3 spell: Swiftness
  1578 | D:2      | Reached XP level 4. HP: 24/24 MP: 5/8
  2451 | D:3      | You fall into a shaft and drop 1 floor!
  2473 | D:4      | Reached skill level 1 in Long Blades
  2473 | D:4      | Gained mutation: Your magical nature lets you fly swiftly
                  | and evasively. [Tengu growth]
  2473 | D:4      | Reached XP level 5. HP: 28/28 MP: 1/10
  2886 | D:4      | Found a sparkling altar of Nemelex Xobeh.
  2888 | D:4      | Noticed an ogre
  2922 | D:4      | Killed an ogre
  2923 | D:4      | Reached XP level 6. HP: 33/33 MP: 6/11
  3024 | D:4      | Noticed Menkaure
  3032 | D:4      | Killed Menkaure
  3033 | D:4      | Reached skill level 1 in Fighting
  3277 | D:4      | Noticed a necrophage
  3294 | D:4      | Killed a necrophage
  3295 | D:4      | Reached skill level 6 in Air Magic
  3295 | D:4      | Reached XP level 7. HP: 38/38 MP: 6/13
  3511 | D:4      | Found a staircase to the Ecumenical Temple.
  3568 | Temple   | Entered the Ecumenical Temple
  3906 | Temple   | Became a worshipper of Vehumet
  4134 | D:3      | Learned a level 4 spell: Airstrike
  4653 | D:5      | Entered Level 5 of the Dungeon
  4743 | D:5      | Noticed Sigmund
  4752 | D:5      | Killed Sigmund
  4753 | D:5      | Reached skill level 1 in Armour
  5302 | D:5      | Reached XP level 8. HP: 27/43 MP: 4/14
  5447 | D:5      | Found a large runed translucent door.
  5447 | D:5      | Found a large runed translucent door.
  5456 | D:5      | Found a large runed translucent door.
  5456 | D:5      | Found a large runed translucent door.
  5906 | D:5      | HP: 2/44 [orc warrior (19)]
  5909 | D:5      | Reached skill level 5 in Conjurations
  6908 | D:5      | Reached skill level 7 in Air Magic
  7206 | D:5      | Learned a level 2 spell: Ensorcelled Hibernation
  7229 | D:6      | Reached skill level 5 in Long Blades
  7275 | D:6      | Reached XP level 9. HP: 11/49 MP: 11/16
  7751 | D:6      | Reached * piety under Vehumet
  7751 | D:6      | Offered knowledge of Foxfire by Vehumet.
  8140 | D:6      | Found a shimmering altar of Xom.
  8335 | D:6      | Learned a level 2 spell: Slow
  8348 | D:7      | HP: 2/49 [centaur/arrow (12)]
  8349 | D:7      | Shot with an arrow by a centaur

Illustrated notes

Levels and vault maps discovered:
D:1:      ebering_trefoil_twist, layout_basic, dreamdust_ecumenical_altar_grove,
          minmay_misc_feat_tower
D:2:      layout_basic, minmay_octomino_e4
D:3:      layout_loops_cross
D:4:      layout_basic, nemelex_xobeh_ov_fountains_minmay,
          minmay_temple_entry_junction, uniq_menkaure
D:5:      layout_gridville, chequers_mini_garden, minmay_hollow_rounded_squares,
          uniq_sigmund
D:6:      layout_basic, led_xom_imps
D:7:      layout_gridville, lemuel_coloured_pillars_altar, uniq_harold
Temple:   hc_temple_tempest_star

Skill      XL: |  1  2  3  4  5  6  7  8 |
---------------+-------------------------+-----
Air Magic      | 5 6 7 |  7.6
Conjurations   | 2 3 4 5 |  5.7
Long Blades    | 1 2 3 5 |  5.4
Dodging        | 3 4 |  4.3
Spellcasting   | 3 4 |  4.7
Fighting       | 1 2 |  2.8
Stealth        | 3 4 |  4.6
Armour         | 2 3 |  3.2
Ice Magic      | |  0.6

Action                   |  1- 3 |  4- 6 |  7- 9 || total
-------------------------+-------+-------+-------++-------
Melee: Falchion          |    25 |    38 |   100 ||   163
       Peck              |     3 |    10 |    31 ||    44
       Kick              |     5 |     8 |    42 ||    55
 Cast: Shock             |    64 |    45 |    69 ||   178
       Static Discharge  |       |     3 |    36 ||    39
       Ensorcelled Hiber |       |       |     3 ||     3
  Use: Scroll            |       |       |    13 ||    13
       Potion            |       |       |     1 ||     1
 Stab: Sleeping          |     1 |     2 |     9 ||    12
Armor: Robe              |     7 |    13 |       ||    20
       Leather armour    |       |       |    27 ||    27
Dodge: Dodged            |    26 |    45 |   127 ||   198
       Rpst.: Falchion   |     6 |    13 |    29 ||    48
